3A
HAMMOND HERONS @ CONNETQUOT CHIEFS
08/23/2026
 
TOP OF THE 1ST
Hammond Herons batting - Pitching for Connetquot Chiefs : LHP Mathieu Neri
Pitching: LHP Mathieu Neri
Batting: RHB José Chávez 0-0: Foul Ball, location: 2F
0-1: Ball
1-1: Foul Ball, location: 2F
1-2: Ball
2-2: Foul Ball, location: 2F
2-2: Foul Ball, location: 2F
2-2: Ball
3-2: Base on Balls
Batting: RHB Jean Lechuga 0-0: Grounds into double play, 6-4-3 (Groundball, 6)
Batting: LHB Dewitt Hopper 0-0: Called Strike
0-1: Ball
1-1: Ball
2-1: Ground out U3 (Groundball, 3)
Top of the 1st over - 0 run(s), 0 hit(s), 0 error(s), 0 left on base; Hammond 0 - Connetquot 0
BOTTOM OF THE 1ST
Connetquot Chiefs batting - Pitching for Hammond Herons : RHP Alberto Mendoza
Pitching: RHP Alberto Mendoza
Batting: RHB Creed Bratton 0-0: Ground out 6-3 (Groundball, 56)
Batting: RHB Abad Lugo 0-0: Bunt missed!
0-1: Ball
1-1: Ball
2-1: SINGLE (Groundball, 34D)
Batting: RHB Emanuel Bree 0-0: Ball
1-0: Fielders Choice at 2nd, 4-6 (Groundball, 4)
Batting: RHB Javier Cordero 0-0: Ball
1-0: Fielders Choice at 2nd, U4 (Groundball, 4M)
Bottom of the 1st over - 0 run(s), 1 hit(s), 0 error(s), 1 left on base; Hammond 0 - Connetquot 0
TOP OF THE 2ND
Hammond Herons batting - Pitching for Connetquot Chiefs : LHP Mathieu Neri
Batting: RHB Zeus Preckwinkle 0-0: Ball
1-0: Ball
2-0: Foul Ball, location: 2F
2-1: Swinging Strike
2-2: Strikes out swinging
Batting: LHB Alfred Miles 0-0: Ball
1-0: Called Strike
1-1: Foul Ball, location: 2F
1-2: Ball
2-2: Ball
3-2: Base on Balls
Batting: RHB Rex Scurlock 0-0: Ball
1-0: Swinging Strike
1-1: Fielders Choice at 2nd, 6-4 (Groundball, 6D)
Batting: LHB Rubén Aracil 0-0: Called Strike
0-1: Ball
1-1: Ball
2-1: Swinging Strike
2-2: Foul Ball, location: 2F
2-2: Ball
3-2: Strikes out swinging
Top of the 2nd over - 0 run(s), 0 hit(s), 0 error(s), 1 left on base; Hammond 0 - Connetquot 0
BOTTOM OF THE 2ND
Connetquot Chiefs batting - Pitching for Hammond Herons : RHP Alberto Mendoza
Batting: RHB Dale Quick 0-0: Called Strike
0-1: Foul Ball, location: 2F
0-2: Strikes out swinging wild pitch, reaches first!
Batting: LHB Steve Sconiers 0-0: Ball
Dale Quick steals 2nd base
1-0: Called Strike
1-1: Called Strike
1-2: Foul Ball, location: 2F
1-2: Foul Ball, location: 2F
1-2: Ball
Wild Pitch!
Dale Quick to third
2-2: Strikes out swinging
Batting: RHB Serafino Miceli 0-0: Foul Ball, location: 2F
0-1: Ball
1-1: SINGLE (Line Drive, 6M)
Dale Quick scores
Batting: RHB Alfredo Escalante 0-0: Ball
1-0: Ball
2-0: Ball
3-0: Called Strike
3-1: Called Strike
3-2: Fly out, F8 (Line Drive, 8LS)
Batting: RHB Andrés Aguilar 0-0: Ball
Serafino Miceli is caught stealing 2nd base
Bottom of the 2nd over - 1 run(s), 1 hit(s), 0 error(s), 0 left on base; Hammond 0 - Connetquot 1
TOP OF THE 3RD
Hammond Herons batting - Pitching for Connetquot Chiefs : LHP Mathieu Neri
Batting: RHB David Meléndez 0-0: Ball
1-0: Swinging Strike
1-1: Ball
2-1: Swinging Strike
2-2: Ball
3-2: Strikes out swinging
Batting: RHB Guillermo Montepeque 0-0: Ground out 3-1 (Groundball, 34S)
Batting: RHB José Chávez 0-0: Ball
1-0: Ball
2-0: Ball
3-0: Called Strike
3-1: Base on Balls
Batting: RHB Jean Lechuga 0-0: Ball
1-0: Foul Ball, location: 2F
1-1: Ground out 6-3 (Groundball, 6MS)
Top of the 3rd over - 0 run(s), 0 hit(s), 0 error(s), 1 left on base; Hammond 0 - Connetquot 1
BOTTOM OF THE 3RD
Connetquot Chiefs batting - Pitching for Hammond Herons : RHP Alberto Mendoza
Batting: RHB Andrés Aguilar 0-0: Called Strike
0-1: Called Strike
0-2: Ball
1-2: Foul Ball, location: 2F
1-2: Ball
2-2: Reached on error, E4 (Groundball, 34)
Batting: RHB Creed Bratton 0-0: Called Strike
0-1: Called Strike
0-2: Ball
1-2: Strikes out swinging
Batting: RHB Abad Lugo 0-0: Fly out, F8 (Flyball, 8LM)
Batting: RHB Emanuel Bree 0-0: SINGLE (Flyball, 78S)
Andrés Aguilar to second
Batting: RHB Javier Cordero 0-0: Called Strike
0-1: Ball
1-1: Called Strike
1-2: Ball
2-2: Foul Ball, location: 2F
2-2: Ball
3-2: Strikes out swinging
Bottom of the 3rd over - 0 run(s), 1 hit(s), 1 error(s), 2 left on base; Hammond 0 - Connetquot 1
TOP OF THE 4TH
Hammond Herons batting - Pitching for Connetquot Chiefs : LHP Mathieu Neri
Batting: LHB Dewitt Hopper 0-0: Foul Ball, location: 2F
0-1: Foul Ball, location: 2F
0-2: Strikes out looking
Batting: RHB Zeus Preckwinkle 0-0: Ball
1-0: Fly out, F8 (Flyball, 8RM)
Batting: LHB Alfred Miles 0-0: Foul Ball, location: 2F
0-1: Ball
1-1: TRIPLE (Line Drive, 89D)
Batting: RHB Rex Scurlock 0-0: Called Strike
0-1: Ball
1-1: Ball
2-1: Ball
3-1: Foul Ball, location: 2F
3-2: Strikes out swinging
Top of the 4th over - 0 run(s), 1 hit(s), 0 error(s), 1 left on base; Hammond 0 - Connetquot 1
BOTTOM OF THE 4TH
Connetquot Chiefs batting - Pitching for Hammond Herons : RHP Alberto Mendoza
Batting: RHB Dale Quick 0-0: Fly out, F8 (Flyball, 78M)
Batting: LHB Steve Sconiers 0-0: Ground out 3-1 (Groundball, 34S)
Batting: RHB Serafino Miceli 0-0: Called Strike
0-1: Called Strike
0-2: Strikes out looking
Bottom of the 4th over - 0 run(s), 0 hit(s), 0 error(s), 0 left on base; Hammond 0 - Connetquot 1
TOP OF THE 5TH
Hammond Herons batting - Pitching for Connetquot Chiefs : LHP Mathieu Neri
Batting: LHB Rubén Aracil 0-0: Called Strike
0-1: Foul Ball, location: 2F
0-2: Foul Ball, location: 2F
0-2: Ball
1-2: Strikes out swinging
Batting: RHB David Meléndez 0-0: Ball
1-0: Called Strike
1-1: Swinging Strike
1-2: Strikes out swinging
Batting: RHB Guillermo Montepeque 0-0: Ball
1-0: SINGLE (Line Drive, 8RS)
Batting: RHB José Chávez 0-0: Swinging Strike
0-1: Foul Ball, location: 2F
0-2: Fly out, F9 (Flyball, 9S)
Top of the 5th over - 0 run(s), 1 hit(s), 0 error(s), 1 left on base; Hammond 0 - Connetquot 1
BOTTOM OF THE 5TH
Connetquot Chiefs batting - Pitching for Hammond Herons : RHP Alberto Mendoza
Batting: RHB Alfredo Escalante 0-0: Ball
1-0: Foul Ball, location: 2F
1-1: Swinging Strike
1-2: Strikes out swinging
Batting: RHB Andrés Aguilar 0-0: Bunt for hit - play at first, batter OUT! 2-3
Batting: RHB Creed Bratton 0-0: Ball
1-0: Reached on error, E4 (Popup, 4)
Batting: RHB Abad Lugo 0-0: SINGLE (Groundball, 56D)
Creed Bratton to second
Batting: RHB Emanuel Bree 0-0: Ball
1-0: Fly out, F3 (Popup, 3L)
Bottom of the 5th over - 0 run(s), 1 hit(s), 1 error(s), 2 left on base; Hammond 0 - Connetquot 1
TOP OF THE 6TH
Hammond Herons batting - Pitching for Connetquot Chiefs : LHP Mathieu Neri
Batting: RHB Jean Lechuga 0-0: Ball
1-0: Ball
2-0: Fly out, F8 (Line Drive, 89S)
Batting: LHB Dewitt Hopper 0-0: DOUBLE (Line Drive, 9LS)
Pitching: RHP Ching-hsia Hsing
Batting: RHB Zeus Preckwinkle 0-0: Fly out, F8 (Flyball, 8RM)
Batting: LHB Alfred Miles 0-0: Ball
1-0: Ball
2-0: Ball
3-0: Base on Balls
Batting: RHB Rex Scurlock 0-0: Called Strike
0-1: Fly out, F9 (Line Drive, 9S)
Top of the 6th over - 0 run(s), 1 hit(s), 0 error(s), 2 left on base; Hammond 0 - Connetquot 1
BOTTOM OF THE 6TH
Connetquot Chiefs batting - Pitching for Hammond Herons : RHP Alberto Mendoza
Batting: RHB Javier Cordero 0-0: Ground out 5-3 (Groundball, 56)
Batting: RHB Dale Quick 0-0: Called Strike
0-1: Ground out 6-3 (Groundball, 56)
Batting: LHB Steve Sconiers 0-0: Called Strike
0-1: Foul Ball, location: 2F
0-2: Ball
1-2: Strikes out looking
Bottom of the 6th over - 0 run(s), 0 hit(s), 0 error(s), 0 left on base; Hammond 0 - Connetquot 1
TOP OF THE 7TH
Hammond Herons batting - Pitching for Connetquot Chiefs : RHP Ching-hsia Hsing
Batting: LHB Rubén Aracil 0-0: Foul Ball, location: 2F
0-1: Ball
1-1: Called Strike
1-2: Foul Ball, location: 2F
1-2: Ball
2-2: Ball
3-2: Base on Balls
Batting: RHB David Meléndez 0-0: Ball
1-0: Bunted foul
1-1: Sac Bunt - play at first, batter OUT! 1-4
Rubén Aracil to second
Pinch Hitting: RHB Jim Unknown 0-0: Fly out, F6 (Popup, 6D)
Pinch Hitting: RHB Éric Leroux 0-0: Ground out 4-3 (Groundball, 4)
Top of the 7th over - 0 run(s), 0 hit(s), 0 error(s), 1 left on base; Hammond 0 - Connetquot 1
BOTTOM OF THE 7TH
Connetquot Chiefs batting - Pitching for Hammond Herons : RHP Alberto Mendoza
Now at 1B: Adrian Kezer
Now at 3B: Jim Unknown
Batting: RHB Serafino Miceli 0-0: Ball
1-0: Foul Ball, location: 2F
1-1: Swinging Strike
1-2: Ground out 5-3 (Groundball, 5)
Batting: RHB Alfredo Escalante 0-0: Ball
1-0: Foul Ball, location: 2F
1-1: Swinging Strike
1-2: Strikes out looking
Batting: RHB Andrés Aguilar 0-0: Called Strike
0-1: Ground out 6-3 (Groundball, 6)
Bottom of the 7th over - 0 run(s), 0 hit(s), 0 error(s), 0 left on base; Hammond 0 - Connetquot 1
TOP OF THE 8TH
Hammond Herons batting - Pitching for Connetquot Chiefs : RHP Ching-hsia Hsing
Now at C: DeAndre Thomas
Batting: RHB Jean Lechuga 0-0: SINGLE (Flyball, 8LS)
Pitching: LHP Powell Beauregard
Batting: LHB Dewitt Hopper 0-0: Ball
1-0: Ball
2-0: Called Strike
2-1: DOUBLE (Line Drive, 89M)
Jean Lechuga to third
Runner from 3rd tries for Home, SAFE, no throw
Batting: RHB Zeus Preckwinkle 0-0: Intentional Walk
Pinch Hitting: RHB Héctor Rivera 0-0: Called Strike
0-1: Foul Ball, location: 2F
0-2: Strikes out swinging
Batting: RHB Rex Scurlock 0-0: Called Strike
0-1: Ball
1-1: SINGLE (Groundball, 6MD)
Dewitt Hopper to third
Zeus Preckwinkle to second
Runner from 3rd tries for Home, SAFE, throw made home
Zeus Preckwinkle to third
Rex Scurlock to second
Batting: LHB Rubén Aracil 0-0: Swinging Strike
0-1: Ball
1-1: Swinging Strike
1-2: Foul Ball, location: 2F
1-2: Ball
2-2: Ball
3-2: Strikes out swinging
Pinch Hitting: RHB Fernando Martínez 0-0: Ball
1-0: Ball
2-0: Called Strike
2-1: Ball
3-1: Base on Balls
Pinch Hitting: RHB Mark Frisby 0-0: Ball
1-0: Ball
Passed Ball!
Zeus Preckwinkle scores
Rex Scurlock to third
Fernando Martínez to second
2-0: Swinging Strike
2-1: Ground out U3 (Groundball, 34)
Top of the 8th over - 3 run(s), 3 hit(s), 0 error(s), 2 left on base; Hammond 3 - Connetquot 1
BOTTOM OF THE 8TH
Connetquot Chiefs batting - Pitching for Hammond Herons : RHP Alberto Mendoza
Now at 3B: Fernando Martínez
Now at SS: Mark Frisby
Now in CF: Héctor Rivera
Batting: RHB Creed Bratton 0-0: Foul Ball, location: 2F
0-1: Ground out 6-3 (Groundball, 6)
Batting: RHB Abad Lugo 0-0: Swinging Strike
0-1: Swinging Strike
0-2: Strikes out looking
Batting: RHB Emanuel Bree 0-0: Fly out, F8 (Flyball, 8RM)
Bottom of the 8th over - 0 run(s), 0 hit(s), 0 error(s), 0 left on base; Hammond 3 - Connetquot 1
TOP OF THE 9TH
Hammond Herons batting - Pitching for Connetquot Chiefs : LHP Powell Beauregard
Batting: RHB Adrian Kezer 0-0: Foul Ball, location: 2F
0-1: Fly out, F9 (Flyball, 9S)
Batting: RHB Jean Lechuga 0-0: Ball
1-0: SINGLE (Groundball, 56) (infield hit)
Batting: LHB Dewitt Hopper 0-0: Called Strike
0-1: Ball
1-1: Foul Ball, location: 2F
1-2: Foul Ball, location: 2F
1-2: Strikes out looking
Batting: RHB Zeus Preckwinkle 0-0: Foul Ball, location: 2F
0-1: Called Strike
0-2: Ball
1-2: Strikes out looking
Top of the 9th over - 0 run(s), 1 hit(s), 0 error(s), 1 left on base; Hammond 3 - Connetquot 1
BOTTOM OF THE 9TH
Connetquot Chiefs batting - Pitching for Hammond Herons : RHP Alberto Mendoza
Pitching: LHP Esteban Jiménez
Batting: RHB Javier Cordero 0-0: Foul Ball, location: 2F
0-1: Swinging Strike
0-2: Foul Ball, location: 2F
0-2: Foul Ball, location: 2F
0-2: Ground out 5-3 (Groundball, 56)
Batting: RHB Dale Quick 0-0: Swinging Strike
0-1: Ball
1-1: Ball
2-1: Ground out 6-3 (Groundball, 6)
Batting: LHB Steve Sconiers 0-0: Ball
1-0: Swinging Strike
1-1: Ground out 6-3 (Groundball, 56)
Bottom of the 9th over - 0 run(s), 0 hit(s), 0 error(s), 0 left on base; Hammond 3 - Connetquot 1
Monday, March 20th, 2017 - OOTP Baseball 17.12 Build 75